 Dungeon Sprint DCSS version 0.30-a0-949-g53dc5368d7 (webtiles) character file.

Game seed: 1607179323545566095

614 BigDaddyOpFi the Tortoise (level 11, -2/101 HPs)
             Began as an Armataur Fighter on Mar 27, 2023.
             Was the Champion of Wu Jian.
             Shot with an arrow by a naga sharpshooter (3 damage)
             ... in the Dungeon (Sprint VI: "Thunderdome").
             The game lasted 00:05:36 (1258 turns).

BigDaddyOpFi the Tortoise (Armataur Fighter)        Turns: 1258, Time: 00:05:36

Health: -2/101     AC: 21    Str: 26      XL:     11   Next: 60%
Magic:  20/20      EV:  6    Int:  8 (9)  God:    Wu Jian [******]
Gold:   224        SH:  6    Dex:  5      Spells: 10/10 levels left

rFire   + . .      SeeInvis .    d - +0 broad axe (protect)
rCold   + + .      Faith    .    c - +0 buckler
rNeg    . . .      Spirit   .    b - +0 scale mail
rPois   +          Reflect  .    (no helmet)
rElec   +          Roll     +    (no cloak)
rCorr   +          NoTele   +    (no gloves)
Will    .....      Harm     + .  e - +0 barding Stlth
                                 r - amulet of Immorality {RegenMP Harm Stlth+}
HPRegen 0.36/turn                o - ring of Ivvi {Wiz MP+9}
MPRegen 0.57/turn                q - ring "Pobuomun" {rC+ AC+4}

@: resistant
A: large, rugged brown scales 3, deformed body, armoured tail, roll, long
tongue, awkward tongue, clumsy 2, frail 1, screaming 1
}: 1/15 runes: serpentine
a: Renounce Religion, Wall Jump, Serpent's Lash, Heavenly Storm


You were in the Dungeon.
You worshipped Wu Jian.
Wu Jian was exalted by your worship.
You visited 1 branch You collected 1000 gold pieces.
You spent 776 gold pieces at shops.

Inventory:

Hand Weapons
 a - a +2 war axe of venom
 d - a +0 broad axe of protection (weapon)
Armour
 b - a +0 scale mail (worn)
 c - a +0 buckler (worn)
 e - a +0 barding (worn)
Jewellery
 f - the amulet of the Distant Future {RegenMP rC++ Int+8 Stlth-}
   (You found it in the Dungeon)

   [amulet of magic regeneration]

   It increases your rate of magic regeneration.
   Int:       It affects your intelligence (+8).
   rC:        It greatly protects you from cold.
   Stlth:     It makes you less stealthy.
 o - the ring of Ivvi (left hand) {Wiz MP+9}
   (You bought it in a shop in the Dungeon)

   [ring of wizardry]

   It improves your spell success rate.
   MP:        It affects your magic capacity (+9).
 p - the amulet of Cuicaif {Faith Harm *Slow rF+++ Slay-4}
   (You bought it in a shop in the Dungeon)

   [amulet of faith]

   It allows you to gain divine favour quickly.
   Slay:      It affects your accuracy & damage with ranged weapons and melee
   (-4).
   rF:        It renders you almost immune to fire.
   *Slow:     It may slow you when you take damage.
   Harm:      It increases damage dealt and taken.
 q - the ring "Pobuomun" (right hand) {rC+ AC+4}
   (You bought it in a shop in the Dungeon)

   [ring of protection]

   AC:        It affects your AC (+4).
   rC:        It protects you from cold.
 r - the amulet of Immorality (around neck) {RegenMP Harm Stlth+}
   (You bought it in a shop in the Dungeon)

   [amulet of magic regeneration]

   It increases your rate of magic regeneration.
   Harm:      It increases damage dealt and taken.
   Stlth:     It makes you more stealthy.
Wands
 m - a wand of roots (1) (quivered)
Scrolls
 j - 3 scrolls of blinking
 n - 3 scrolls of fog
Potions
 g - a potion of haste
 h - 2 potions of magic
 i - 3 potions of heal wounds


   Skills:
 + Level 12.6 Fighting
 + Level 11.5 Axes
 + Level 16.1 Armour
 + Level 14.9 Shields


You had 10 spell levels left.
You didn't know any spells.
Your spell library was empty.

Dungeon Overview and Level Annotations

Branches:
Dungeon (1/1)

Altars:
Cheibriados
Dithmenos
Fedhas
Gozag
Kikubaaqudgha
Makhleb
Okawaru
Qazlal
Ru
Sif Muna
Trog
Uskayaw
Vehumet
Wu Jian
Xom
Yredelemnul
Zin
The Shining One
Lugonu

Shops:
D *[??*?*:[((!!!!


Innate Abilities, Weirdness & Mutations

You are completely covered in rugged brown scales. (AC +3, +7% HP)
Armour fits poorly on your strangely shaped body.
You have a long armoured tail.
You roll when moving toward enemies. (Rampage)
Your long tongue fully drains potion bottles. (2x potion effects)
Your tongue gives you trouble enunciating. (1.5x scroll delay)
You are very clumsy. (Dex -4)
You are frail. (-10% HP)
You occasionally shout uncontrollably at your foes.


Message History

2...
There is an entrance to Xyn Fyerph's Do-It-Yourself Clinic here.
i - 3 potions of heal wounds Thank you for shopping at Xyn Fyerph's Do-It-Yourself Clinic!
You start resting. 1...
Your extra speed is starting to run out.
You start resting.
Time's up!
The arena falls silent.
Victory!
Score multiplier: 2x You now have 614 arena points (gained 112).
There is a corrupted altar of Lugonu here.
You now have 224 gold pieces (gained 160).
There is an entrance to Xyn Fyerph's Do-It-Yourself Clinic here.
You feel yourself slow down.
You see here a +0 giant club.
You see here a +0 halberd.
Get ready!
You see here a +0 club.
ROUND 9!
FIGHT!
A naga sharpshooter comes into view. It is wielding a +0 hand axe.
The naga sharpshooter shouts!
The naga sharpshooter unwields a +0 hand axe.
The naga sharpshooter wields a +0 shortbow.
The naga sharpshooter shoots an arrow.
The arrow hits you!
* * * LOW HITPOINT WARNING * * *
There is a glowing silver altar of Zin here.
There is an entrance to Omi Woca's Magic Scroll Shop here.
Aiming: Fastroot
Press: ? - help, Q - select action, (/) - cycle Shift-Dir - straight line, f - naga sharpshooter
Aim: a naga sharpshooter, wielding a +0 shortbow (translocational energy)
The roots erupt in riotous growth!
Roots grab the naga sharpshooter.
The grasping roots constrict the naga sharpshooter, but do no damage.
The naga sharpshooter mumbles some strange words.
The naga sharpshooter magically shoots an arrow.
The arrow hits you.
You die...

##### ##⌠N⌠## #.....#
##.....## ##∩.....∩##
#@.......∩# #_......._#
#........[# #_......._#
###[.)..).).###
#⌠[...).))..)⌠#
######.8......)..8.######
##._._......###......___∩#
###∩[.......8.#
#.8..[[....∩


You could see a naga sharpshooter (rooted).

Vanquished Creatures
  A naga warrior (D)
  Erolcha (D)
  An ogre mage (D)
  A two-headed ogre (D)
  2 black mambas (D)
  A cane toad (D)
  A komodo dragon (D)
  2 wyverns (D)
  A yak (D)
  7 neqoxecs (D)
  A water moccasin (D)
  5 ogres (D)
  A wolf (D)
  A necrophage (D)
  3 scorpions (D)
  A wight (D)
  A killer bee (D)
  13 orc priests (D)
  An adder skeleton (D)
  A bat skeleton (D)
  A giant cockroach zombie (D)
47 creatures vanquished.

Notes
Turn   | Place    | Note
-------+----------+-------------------------------------------
     0 | D        | BigDaddyOpFi the Armataur Fighter began the quest for the
                  | Orb.
     0 | D        | Reached XP level 1. HP: 19/19 MP: 1/1
     3 | D        | Found an ancient bone altar of Kikubaaqudgha.
     3 | D        | Found a radiant altar of Vehumet.
     5 | D        | Found a snail-covered altar of Cheibriados.
     5 | D        | Found a stormy altar of Qazlal.
     5 | D        | Round 1.
     6 | D        | Found a sacrificial altar of Ru.
     6 | D        | Found an ornate altar of the Wu Jian Council.
     6 | D        | Found Niddank's Identification Station.
     7 | D        | Found Paur's Jewellery.
     7 | D        | Found Nyno's Advanced Armour.
    15 | D        | Bought a bound lead ring for 45 gold pieces
    15 | D        | Identified the ring of Ivvi {Wiz MP+9} (You bought it in a
                  | shop in the Dungeon)
    15 | D        | Bought a bound golden amulet for 45 gold pieces
    15 | D        | Identified the amulet of Cuicaif {Faith Harm *Slow rF+++
                  | Slay-4} (You bought it in a shop in the Dungeon)
    15 | D        | Bought a bound copper ring for 45 gold pieces
    15 | D        | Identified the ring "Pobuomun" {rC+ AC+4} (You bought it in
                  | a shop in the Dungeon)
    64 | D        | Noticed a wight
    65 | D        | Bought a flickering iron amulet for 45 gold pieces
    65 | D        | Identified the amulet of Immorality {RegenMP Harm Stlth+}
                  | (You bought it in a shop in the Dungeon)
    75 | D        | Killed a wight
    76 | D        | Reached skill level 5 in Armour
    76 | D        | Reached skill level 5 in Shields
    76 | D        | Reached XP level 2. HP: 18/28 MP: 2/2
    76 | D        | Reached XP level 3. HP: 23/35 MP: 3/3
    77 | D        | Noticed a necrophage
    85 | D        | Killed a necrophage
    86 | D        | Reached skill level 5 in Fighting
    86 | D        | Reached skill level 6 in Armour
    86 | D        | Reached XP level 4. HP: 27/44 MP: 4/4
    96 | D        | Found a shimmering blue altar of Sif Muna.
   100 | D        | Became a worshipper of the Wu Jian Council
   137 | D        | Arena points: 6 (+6) [x1]
   152 | D        | Round 2.
   153 | D        | Noticed a scorpion
   167 | D        | Killed a scorpion
   168 | D        | Reached skill level 7 in Armour
   168 | D        | Reached XP level 5. HP: 21/52 MP: 5/5
   212 | D        | Noticed a water moccasin
   217 | D        | Reached * piety under Wu Jian
   218 | D        | Reached skill level 5 in Axes
   218 | D        | Killed a water moccasin
   219 | D        | Reached skill level 8 in Armour
   219 | D        | Reached XP level 6. HP: 32/62 MP: 6/6
   221 | D        | Reached skill level 9 in Armour
   224 | D        | Found a glowing silver altar of Zin.
   225 | D        | Found Omi Woca's Magic Scroll Shop.
   226 | D        | Found a bloodstained altar of Trog.
   226 | D        | Found a shimmering altar of Xom.
   226 | D        | Found Ceseut's Staff Store.
   226 | D        | Found Tygoeff's Magic Scroll Shop.
   226 | D        | Found Itwuv's Must-Have Magic.
   230 | D        | Found a basalt altar of Yredelemnul.
   231 | D        | Found a blossoming altar of Fedhas.
   232 | D        | Found an opulent altar of Gozag.
   233 | D        | Found Pezod's Distillery.
   234 | D        | Found Tagocwon's Distillery.
   234 | D        | Found Noureugo's Bottled Wisdom.
   234 | D        | Found a glowing golden altar of the Shining One.
   234 | D        | Found a burning altar of Makhleb.
   234 | D        | Found a corrupted altar of Lugonu.
   234 | D        | Found Xyn Fyerph's Do-It-Yourself Clinic.
   236 | D        | Reached ** piety under Wu Jian
   236 | D        | Arena points: 30 (+24) [x2]
   249 | D        | Found an iron altar of Okawaru.
   250 | D        | Found Juqeawuk's Weapon Rack.
   251 | D        | Found a hide-covered altar of Uskayaw.
   251 | D        | Found a shadowy altar of Dithmenos.
   251 | D        | Found Qilyil's Premium Goods.
   251 | D        | Found Raskagic's Basic Armour.
   251 | D        | Found Beoruump's Miscellaneous Merchandise.
   274 | D        | Round 3.
   291 | D        | Reached XP level 7. HP: 61/70 MP: 7/7
   307 | D        | Reached *** piety under Wu Jian
   332 | D        | Reached skill level 10 in Armour
   351 | D        | Arena points: 93 (+63) [x3]
   377 | D        | Bought a +0 broad axe for 120 gold pieces
   422 | D        | Round 4.
   479 | D        | Reached **** piety under Wu Jian
   562 | D        | Arena points: 125 (+32) [x1]
   577 | D        | Round 5.
   609 | D        | Noticed a black mamba
   610 | D        | Noticed a black mamba
   619 | D        | Killed a black mamba
   619 | D        | Reached ***** piety under Wu Jian
   620 | D        | Reached skill level 11 in Armour
   620 | D        | Reached skill level 10 in Shields
   620 | D        | Reached XP level 8. HP: 79/80 MP: 8/8
   622 | D        | Killed a black mamba
   629 | D        | Noticed a naga warlord
   654 | D        | Noticed a mana viper
   664 | D        | Killed a naga warlord
   664 | D        | Identified the amulet of the Distant Future {RegenMP rC++
                  | Int+8 Stlth-} (You found it in the Dungeon)
   664 | D        | Arena points: 230 (+105) [x3]
   665 | D        | Reached skill level 12 in Armour
   665 | D        | Reached XP level 9. HP: 17/90 MP: 9/9
   667 | D        | Got a serpentine rune of Zot
   668 | D        | Reached skill level 10 in Fighting
   668 | D        | Reached skill level 13 in Armour
   668 | D        | Reached XP level 10. HP: 20/100 MP: 10/10
   668 | D        | Reached XP level 11. HP: 21/108 MP: 11/11
   673 | D        | Bought a scroll of brand weapon for 95 gold pieces
   856 | D        | Round 6.
   896 | D        | Noticed a two-headed ogre
   902 | D        | Killed a two-headed ogre
   903 | D        | Reached skill level 10 in Axes
   903 | D        | Reached skill level 14 in Armour
   915 | D        | Noticed Erolcha
   917 | D        | Noticed an ogre mage
   924 | D        | Killed Erolcha
   929 | D        | Killed an ogre mage
   930 | D        | Reached skill level 15 in Armour
   957 | D        | Arena points: 446 (+216) [x4]
   982 | D        | Bought a +0 barding for 276 gold pieces
  1020 | D        | Round 7.
  1100 | D        | Gained mutation: You are frail. (-10% HP) [a neqoxec]
  1111 | D        | Reached ****** piety under Wu Jian
  1113 | D        | Gained mutation: You are clumsy. (Dex -2) [a neqoxec]
  1114 | D        | Gained mutation: You occasionally shout uncontrollably at
                  | your foes. [a neqoxec]
  1125 | D        | Gained mutation: You are very clumsy. (Dex -4) [a neqoxec]
  1134 | D        | Arena points: 502 (+56) [x1]
  1149 | D        | Round 8.
  1175 | D        | Reached skill level 16 in Armour
  1178 | D        | HP: 5/101 [poisoned by a cane toad]
  1190 | D        | Noticed Rupert
  1192 | D        | HP: 2/101 [wyvern (7)]
  1235 | D        | Bought 3 potions of heal wounds for 105 gold pieces
  1237 | D        | Arena points: 614 (+112) [x2]
  1255 | D        | Round 9.
  1255 | D        | Noticed a naga sharpshooter
  1256 | D        | HP: 1/101 [naga sharpshooter/arrow (19)]
  1258 | D        | Shot with an arrow by a naga sharpshooter

Illustrated notes

Levels and vault maps discovered:
D:        arena_sprint

Skill      XL: |  1  2  3  4  5  6  7  8  9 10 11 |
---------------+----------------------------------+-----
Fighting       | 4 5 6 7 8 9 10 12 | 12.6
Axes           | 3 4 5 6 7 8 9 11 | 11.5
Armour         | 5 6 7 8 9 11 12 13 16 | 16.1
Shields        | 5 6 8 10 11 12 14 | 14.9

Action                     |  1- 3 |  4- 6 |  7- 9 | 10-12 || total
---------------------------+-------+-------+-------+-------++-------
  Melee: War axe           |    12 |    39 |    48 |       ||    99
         Tailslap          |     3 |     7 |     8 |    13 ||    31
         Broad axe         |       |       |    14 |    81 ||    95
Ability: Whirlwind         |       |       |     3 |    10 ||    13
  Evoke: Wand              |       |       |     3 |     6 ||     9
    Use: Potion            |     1 |     2 |     7 |     2 ||    12
         Scroll            |       |       |       |     2 ||     2
   Stab: Invisible         |       |       |     2 |     1 ||     3
 Armour: Scale mail        |     7 |    28 |    19 |    38 ||    92
  Dodge: Dodged            |     1 |    14 |    17 |    17 ||    49
  Block: Buckler           |     3 |     5 |    17 |    26 ||    51

Table legend: (Time is in decaauts)
 A = Elapsed time spent in this place.
 B = Non-inter-level travel time spent in this place.
 C = Inter-level travel time spent in this place.
 D = Time resting spent in this place.
 E = Time spent auto-exploring this place.
 F = Levels seen in this place.
 G = Mean time per level.
                   A        B        C        D        E       F      G
               +--------+--------+--------+--------+--------+-----+--------+
         Total |   1250 |   1250 |      0 |    529 |    135 |   1 | 1250.0 |
       Dungeon |   1250 |   1250 |      0 |    529 |    135 |   1 | 1250.0 |
               +--------+--------+--------+--------+--------+-----+--------+

Top non-repeatable levels by time:
       D: 1250 daAuts
